 Dungeon Crawl Stone Soup version 0.16-a0-3472-g5ce0ac0 (webtiles) character file.

46 Charly the Magician (level 3, -1/19 HPs)
             Began as a Deep Elf Wizard on Jan 3, 2015.
             Killed from afar by an orc wizard (9 damage)
             ... with a puff of frost
             ... on level 3 of the Dungeon.
             The game lasted 00:09:32 (646 turns).

Charly the Magician (Deep Elf Wizard)                Turns: 646, Time: 00:09:32

Health: -1/19      AC:  3    Str:  4    XL:     3   Next: 46%
Magic:  9/16       EV: 12    Int: 23    God:
Gold:   50         SH:  0    Dex: 13    Spells: 5 memorised, 4 levels left

rFire  . . .     SeeInvis .     c - book of Minor Magic
rCold  . . .     Clarity  .     a - +0 robe
rNeg   . . .     SustAb   .     (no shield)
rPois  .         Gourm    .     b - +0 hat
rElec  .         Spirit   .     (no cloak)
rCorr  .         Warding  .     l - +0 pair of gloves
rMut   .         Stasis   .     (no boots)
MR     .....                    (no amulet)
Stlth  ++........               (no ring)
                                j - ring of teleport control

@: not resistant to hostile enchantments, unstealthy
A: no striking features
a: Evoke Teleport Control


You were on level 3 of the Dungeon.
You were not hungry.

You visited 1 branch of the dungeon, and saw 4 of its levels.

You collected 50 gold pieces.

Inventory:

Armour
 a - a +0 robe (worn)
 b - a +0 hat (worn)
 l - a +0 pair of gloves (worn)
Jewellery
 j - a ring of teleport control (left hand)
Scrolls
 e - a scroll of enchant weapon {unknown}
 h - a scroll of recharging {unknown}
 n - a scroll of enchant armour {unknown}
 p - a scroll of random uselessness {unknown}
Potions
 f - a potion of experience {unknown}
 g - a potion of restore abilities {unknown}
 k - a potion of berserk rage {unknown}
 o - a potion of poison {unknown}
Books
 c - a book of Minor Magic (in hand)

   Spells                             Type                      Level
   a - Magic Dart                     Conjuration                  1
   b - Blink                          Translocation                2
   c - Call Imp                       Summoning                    2
   d - Repel Missiles                 Charms/Air                   2
   e - Slow                           Hexes                        2
   f - Conjure Flame                  Conjuration/Fire             3
   g - Mephitic Cloud                 Conjuration/Poison/Air       3
 i - a book of Envenomations

   Spells                             Type                      Level
   a - Spider Form                    Transmutation/Poison         3
   b - Alistair's Intoxication        Transmutation/Poison         4
   c - Olgreb's Toxic Radiance        Poison                       4
   d - Poisonous Cloud                Conjuration/Poison/Air       6
Comestibles
 d - a bread ration


   Skills:
 - Level 2.4 Dodging
 - Level 2.4 Stealth
 + Level 6.3 Spellcasting
 - Level 1.1 Conjurations
 - Level 1.1 Summonings
 - Level 1.1 Translocations
 + Level 0.0 Poison Magic


You had 4 spell levels left.
You knew the following spells:

 Your Spells              Type           Power        Failure   Level  Hunger
b - Blink                 Tloc           N/A          10%         2    None
d - Magic Dart            Conj           ##..         6%          1    None
i - Call Imp              Summ           ##......     10%         2    None
m - Mephitic Cloud        Conj/Pois/Air  #.......     24%         3    #......
r - Repel Missiles        Chrm/Air       #.....       14%         2    None


Dungeon Overview and Level Annotations

Branches:
Dungeon (4/15)
 Temple: D:4-7

Altars:


Message History

The orc is engulfed in noxious fumes.
The orc appears confused.
The orc misses something.
Casting: Mephitic Cloud
Confirm with . or Enter, or press ? or * to list all spells.
Aiming: Magic Dart
Press: ? - help, Shift-Dir - straight line, f/p - orc
Aim: an orc, wearing a leather armour (noxious fumes, lightly wounded, bewildered and confused)
The magic dart hits the orc.
The orc is lightly wounded.
The orc is engulfed in noxious fumes.
The orc appears confused.
Casting: Magic Dart
Confirm with . or Enter, or press ? or * to list all spells.
Aiming: Magic Dart
Press: ? - help, Shift-Dir - straight line, f/p - orc
Aim: an orc, wearing a leather armour (lightly wounded, bewildered and confused)
The magic dart hits the orc.
The orc is almost dead.
The orc wizard casts a spell at you. The puff of frost hits you!
You die...

##≈≈.....###≈≈≈≈≈≈≈#
#####)####≈≈≈≈≈≈≈.#
#..##≈≈≈≈≈≈≈≈..#
##''###≈≈≈≈≈≈.PP.
#....###≈≈≈≈≈#### #..).#
#≈≈≈≈≈≈)≈≈ . #....#
##≈≈≈≈≈≈≈≈
.o≈######....######≈≈≈≈≈#
.P..§§≈≈#@####.#≈≈≈≈≈≈≈≈≈≈
#..o§≈≈≈≈## ##≈≈≈≈≈≈≈≈≈≈≈
##P.P.≈### ###≈≈≈≈≈≈≈≈≈
##### ##########


You could see an orc wizard.

Vanquished Creatures
  An orc wizard (D:3)
  A giant gecko (D:3)
  2 orcs (D:3)
  A ball python (D:1)
  2 bats
  2 giant cockroaches
  3 goblins
  2 giant newts
  2 kobolds
  3 rats
19 creatures vanquished.

Vanquished Creatures (collateral kills)
  An adder (D:3)
  An orc (D:3)
2 creatures vanquished.

Vanquished Creatures (others)
  2 crimson imps (D:3)
2 creatures vanquished.

Grand Total: 23 creatures vanquished

Notes
Turn   | Place    | Note
--------------------------------------------------------------
     0 | D:1      | Charly, the Deep Elf Wizard, began the quest for the Orb.
     0 | D:1      | Reached XP level 1. HP: 10/10 MP: 6/6
   169 | D:2      | Reached skill level 5 in Spellcasting
   191 | D:3      | Reached XP level 2. HP: 15/15 MP: 4/11
   195 | D:3      | Learned a level 2 spell: Blink
   198 | D:3      | Learned a level 2 spell: Call Imp
   201 | D:3      | Learned a level 2 spell: Repel Missiles
   274 | D:4      | Noticed a scorpion
   454 | D:3      | Noticed an orc wizard
   464 | D:3      | Killed an orc wizard
   464 | D:3      | Reached skill level 6 in Spellcasting
   464 | D:3      | Reached XP level 3. HP: 6/19 MP: 0/15
   634 | D:3      | Learned a level 3 spell: Mephitic Cloud
   643 | D:3      | Noticed an orc wizard
   646 | D:3      | Killed from afar by an orc wizard

Action                   || total
-------------------------++-------
Melee: Unarmed           ||    11
 Cast: Magic Dart        ||    53
       Call Imp          ||     8
       Blink             ||     2
       Mephitic Cloud    ||     1
  Use: Potion            ||     2
